[Event "Chhattisgarh Masters GM 2022"]
[Site "Chhattisgarh"]
[Date "2022.09.27"]
[Round "9.4"]
[White "Ilamparthi A R"]
[Black "Deepan Chakkravarthy J."]
[Result "0-1"]
[ECO "A13"]
[WhiteElo "2269"]
[BlackElo "2439"]
[Annotator "TA"]
[PlyCount "108"]
[EventDate "2022.09.19"]
[EventCountry "IND"]
[SourceTitle "playchess.com"]
[Source "ChessBase"]
[SourceQuality "1"]
[TimeControl "5400+30"]

1. Nf3 Nf6 2. c4 e6 3. e3 d5 4. b3 b6 5. Bb2 Bb7 6. Nc3 {[%emt 0:00:50] A13: English Opening: 1...e6.} Nbd7 7. Be2 a6 8. O-O {[%emt 0:01:00] The position is equal.} Bd6 9. cxd5 exd5 10. d4 O-O 11. Qc2 Qe7 {[%emt 0:01:23] [#]} 12. a3 $146 ({Predecessor:} 12. Rac1 Rac8 13. Bd3 Ne4 14. Qe2 Ra8 15. Bxe4 dxe4 16. Nd2 b5 17. a4 b4 18. Na2 {0-1 (37) Gunina,V (2506)-Kovalenko,I (2644) Moscow 2013}) 12... Rfe8 13. b4 Nf8 14. Bd3 Ng6 15. Ne2 Ne4 16. Ng3 Qe6 {[%emt 0:15:19] Prevents Nf5.} 17. a4 Bxb4 18. Qxc7 Re7 19. Qc2 Rc8 20. Qb3 a5 21. Rac1 Rec7 22. Rxc7 Rxc7 23. Rc1 Rxc1+ 24. Bxc1 Qc8 25. Bb2 Ne7 26. Ne2 ({Reject} 26. Bxe4 dxe4 27. Ng5 Bd5 $17) 26... Ba6 27. Nf4 {[%emt 0:06:21] [#]} (27. Ne5 $15) 27... Bxd3 $1 $17 28. Qxd3 Qc6 29. Qb3 f6 {[%emt 0:03:59] Inhibits Ne5. Black is more active.} 30. h4 g6 31. g3 Kg7 32. Kg2 h6 33. Qd1 g5 34. hxg5 hxg5 35. Nh5+ (35. Nd3 $17 {was called for.}) 35... Kg6 $19 36. g4 b5 37. axb5 Qxb5 ({Worse is} 37... Qd7 38. Nxf6 Kxf6 39. Ne5 $15) 38. Ba1 Bd6 $2 ({Better is} 38... a4 $19 {White must now prevent ...a3.} 39. Ng1 Kf7) 39. Qc2 $2 (39. Ne5+ $1 $11 fxe5 40. dxe5) 39... a4 (39... Qd7 $142 40. Nxf6 Kxf6) 40. Ng1 (40. Ne1 $142 Qb3 41. f3 Qxe3 42. fxe4 dxe4 43. Kf1) 40... Qb3 41. Qe2 (41. Qxb3 {was the only defense.} axb3 42. Ne2) 41... Qc4 ({Don't go for} 41... Qb1 $2 42. f3 Qxa1 43. fxe4 dxe4 44. Qa6 Qa2+ 45. Ne2 $19) (41... f5 $142 42. f3 fxg4 43. fxe4 Kxh5) 42. Qd1 $2 (42. f3 Qxe2+ 43. Nxe2) 42... Qb4 (42... Qa2 $142 43. Ne2 f5) 43. Ne2 Qb3 {[%emt 0:00:00] The board is on fire.} 44. Qe1 (44. Qxb3 {might work better.} axb3 45. Nc1) 44... Qc2 45. Kg1 $2 {[%emt 0:01:29] [#]} (45. Nc3) 45... Bb4 $1 46. Qxb4 (46. Qf1 Nd2) 46... Qxe2 47. Qxe7 Qxf2+ {[%emt 0:00:00] Black mates.} 48. Kh1 Qh4+ 49. Kg2 Qxg4+ 50. Kf1 Qf3+ 51. Kg1 Qf2+ 52. Kh1 Kxh5 53. Qe8+ Kg4 54. Qc8+ f5 {[%emt 0:00:00] Weighted Error Value: White=0.64/Black=0.44} 0-1

[Event "Chhattisgarh Masters GM 2022"]
[Site "Chhattisgarh"]
[Date "2022.09.27"]
[Round "9.5"]
[White "Nitin, S.."]
[Black "Krasenkow, Michal"]
[Result "0-1"]
[ECO "B07"]
[WhiteElo "2416"]
[BlackElo "2545"]
[Annotator "TA"]
[PlyCount "106"]
[EventDate "2022.09.19"]
[EventCountry "IND"]
[SourceTitle "playchess.com"]
[Source "ChessBase"]
[SourceQuality "1"]
[TimeControl "5400+30"]

1. e4 g6 2. d4 Bg7 3. Nf3 d6 4. Be3 Nf6 5. Bd3 O-O 6. O-O Nc6 7. c3 Bg4 8. Nbd2 e5 9. Qb3 {[%emt 0:05:15] [#] B07: Pirc Defence: Miscellaneous Systems.} exd4 $146 ({Predecessor:} 9... Qc8 10. Rfe1 a6 11. h3 Bd7 12. Rad1 h6 13. a3 g5 14. dxe5 dxe5 15. Nf1 Nh5 16. Qc2 Be6 {1-0 (56) Braun,V (2212)-Thom,R (2035) Werther 2003}) 10. cxd4 a5 11. a3 {[%emt 0:01:47] White is slightly better.} ({Don't play} 11. Qxb7 Nb4 12. Be2 Bxf3 13. Bxf3 (13. Nxf3 Rb8 $11) 13... Rb8 $11) 11... Qb8 (11... a4 $11 {remains equal.} 12. Qxb7 Bd7) 12. h3 $16 a4 13. Qc2 Bd7 14. Rac1 Rc8 15. Qb1 (15. Bc4 $16) 15... b5 16. Rc2 Na5 17. Rfc1 c6 18. Bf4 (18. Ng5 {keeps more tension.} Re8 19. Qa2 Re7 20. Ngf3) 18... Be6 19. Bh2 b4 20. axb4 Qxb4 21. e5 dxe5 22. dxe5 Nd7 23. Ne4 Nb3 24. Rd1 Bd5 25. Re2 ({White should play} 25. Nd6 $15 Rf8 26. Be4) 25... Ndc5 $17 26. Bc2 Ne6 27. Re3 Rd8 (27... Bh6 $142 28. Nf6+ Kg7 29. Nxd5 cxd5) 28. Rde1 c5 29. Nf6+ Bxf6 30. Bxb3 Be7 ({Reject} 30... Bxb3 $6 31. exf6 Rd5 32. Ne5 $14) 31. Bxd5 Rxd5 32. Re4 Qb5 {[%emt 0:04:34] Black has more active pieces.} (32... c4 $17 {And now ...Rb5 would win.} 33. Qc1 Rc8) 33. Bg3 (33. Qc2 $15) 33... Rd3 34. Bh4 (34. Bf4 $17) 34... Bf8 $1 $19 35. Qc1 {[%emt 0:00:38] [#]} (35. Qc2 {keeps fighting.}) 35... Rb3 $1 36. R4e2 Rb8 37. Qa1 (37. Bf6 {is a better defense.}) 37... Nd4 38. Nxd4 cxd4 39. e6 fxe6 40. Re5 Qb4 41. Qd1 Rxb2 {[%emt 0:00:00] Strongly threatening ...Rb1.} 42. Qg4 Rb6 {[%emt 0:00:00] Hoping for ...a3.} 43. Rxe6 {[%emt 0:00:00] aiming for Be7.} Rb1 44. f4 $2 {[%emt 0:00:00] This move loses the game for White.} (44. Rxb1 $17 Qxb1+ 45. Kh2) 44... d3 {[%emt 0:00:00][%cal Bd4d3,Bd3d2][%mdl 32] Threatens to win with ...d2.} 45. Rxb1 Qxb1+ 46. Re1 Qb4 47. Re8 d2 {[%emt 0:00:00] ...Qd4+ is the strong threat.} 48. Rd8 {[%emt 0:00:00] Prevents Qd4+.} Rd6 49. Rxf8+ Kxf8 50. Qc8+ Kf7 51. Qc7+ {[%emt 0:00:00] [#]} Ke6 $1 52. Qc8+ Kd5 53. Qg8+ Kd4 {[%emt 0:00:00] Weighted Error Value: White=0.60/Black=0.11 (very precise)} 0-1

[Event "Chhattisgarh Masters GM 2022"]
[Site "Chhattisgarh"]
[Date "2022.09.27"]
[Round "9.5"]
[White "Nayak Rajesh"]
[Black "Sharma, Dinesh K."]
[Result "1/2-1/2"]
[ECO "D00"]
[WhiteElo "2142"]
[BlackElo "2252"]
[Annotator "TA"]
[PlyCount "132"]
[EventDate "2022.09.19"]
[EventCountry "IND"]
[SourceTitle "playchess.com"]
[Source "ChessBase"]
[SourceQuality "1"]
[TimeControl "5400+30"]

1. d4 d5 2. Bf4 Nf6 3. Nc3 c6 4. e3 Bf5 5. f3 e6 6. g4 {[%emt 0:02:58][%cal Bg2g4,Bg4g5][%mdl 32] D00: 1 d4 d5: Unusual lines.} Bg6 7. h4 h5 8. g5 {[%emt 0:05:29] White has an edge.} Ng8 $1 {[%emt 0:00:19][%mdl 4] now scores much better than the old 8...Nfd7.} 9. Qd2 (9. Bd3 $5 ) 9... Bd6 10. Nge2 Ne7 11. O-O-O {[%emt 0:00:55] [#]} b5 $146 ({Predecessor:} 11... Na6 12. Bxd6 Qxd6 13. Nf4 Nc7 14. Bd3 Bf5 15. Bxf5 exf5 16. e4 O-O-O 17. exd5 Nexd5 18. Ncxd5 Nxd5 {1-0 (37) Kovalev,V (2545)-Ageichenko,G (2265) Voronezh 2015}) 12. Bxd6 Qxd6 13. Nf4 Nd7 14. Qh2 a6 15. e4 Qb8 16. Bd3 Nb6 17. Nce2 dxe4 18. fxe4 ({Reject} 18. Nxg6 $6 exd3 19. Nxh8 dxe2 $15) 18... e5 19. dxe5 Qxe5 20. Qf2 Na4 21. Qd4 Qxd4 22. Nxd4 Nc5 23. Nxg6 {[%emt 0:14:20] White is more active.} (23. Rhe1 $16) 23... fxg6 (23... Nxg6 $11 24. Nxc6 O-O) 24. Rhf1 (24. b4 $142 Na4 25. Ne6) 24... Rd8 {[%emt 0:10:59] [#]} 25. Be2 (25. b4 $142 $1) 25... Nxe4 $16 26. Nxc6 Rxd1+ $11 (26... Nxc6 $5 27. Bf3 $8 Rxd1+ 28. Rxd1 O-O 29. Bxe4 Ne7 $11) 27. Rxd1 Nxc6 {[%emt 0:00:56] Pair of Knights!} 28. Bf3 Ne5 29. Bxe4 $14 {[%emt 0:00:09][%mdl 4096] Endgame KRB-KRN} Ke7 30. a4 Rf8 $1 31. axb5 axb5 32. Rd5 Nc4 (32... Rf1+ $11 {remains equal.} 33. Kd2 Ke6) 33. Bxg6 $16 Rb8 $2 (33... Ke6 $16 34. Rd1 Rf2) 34. Bxh5 {[%emt 0:00:55] Hoping for b3.} Ra8 (34... Rh8 $142) 35. Kb1 $18 Rh8 36. Be2 ({Inferior is} 36. Rxb5 Rxh5 37. Rb7+ Kf8 $17) 36... Rxh4 37. Bxc4 ({Better is} 37. b3 $18) 37... bxc4 {[%emt 0:00:06] KR-KR} 38. Ka2 Ke6 39. Ra5 Rg4 (39... Rh2 $16 {keeps fighting.}) 40. Ka3 (40. b4 $18 {and White stays clearly on top.}) 40... Rg2 $16 41. c3 Kd6 $2 {[%emt 0:00:49][%mdl 8192] [#]} (41... g6 $16) 42. Ra6+ $1 $18 Kc5 $2 (42... Ke7 43. Ra7+ Kf8) 43. Rg6 Kb5 44. Rxg7 Rg1 45. Ka2 {[%emt 0:00:06] aiming for g6.} Ka4 46. Rg8 $2 (46. Rb7 $18 Rxg5 47. Rb4+ Ka5 48. Rxc4) 46... Rxg5 $1 $11 {[%emt 0:00:13] The position is equal.} 47. Rb8 {[%emt 0:00:31] Threatens to win with Rb4+.} Rb5 {[%emt 0:00:00] Prevents Rb4+.} 48. Rc8 Rc5 49. Rg8 Rg5 50. Ra8+ (50. Rf8 $5 ) 50... Ra5 51. Rxa5+ Kxa5 {[%emt 0:00:00] KPP-KP} 52. Kb1 Kb5 53. Kc1 Kc5 54. Kc2 Kc6 55. Kd1 Kd5 56. Kd2 Kd6 57. Kc2 Kc6 58. Kd1 Kd5 59. Ke1 $1 Ke5 60. Kf1 Kf5 61. Kf2 Kf6 (61... Ke4 $5 62. Ke2 Kf4 $11) 62. Kg2 Kg6 63. Kf3 Kf5 64. Ke3 {[%emt 0:00:00] White wants to mate with Kd4.} Ke5 65. Kd2 {[%emt 0:00:00] Intending Ke3 and mate.} Kd6 66. Kc2 Kc6 {[%emt 0:00:00] Black escapes into a draw.  Weighted Error Value: White=0.31/Black=0.41} 1/2-1/2

[Event "Chhattisgarh Masters GM 2022"]
[Site "Chhattisgarh"]
[Date "2022.09.27"]
[Round "9.5"]
[White "Mahindrakar Indrajeet"]
[Black "Laxman, R.R."]
[Result "0-1"]
[ECO "C47"]
[WhiteElo "1979"]
[BlackElo "2388"]
[Annotator "TA"]
[PlyCount "148"]
[EventDate "2022.09.19"]
[EventCountry "IND"]
[SourceTitle "playchess.com"]
[Source "ChessBase"]
[SourceQuality "1"]
[TimeControl "5400+30"]

1. e4 e5 2. Nc3 Nf6 3. g3 d5 4. exd5 Nxd5 5. Bg2 Nxc3 6. bxc3 Bc5 7. d3 Nc6 8. Nf3 O-O 9. O-O Bb6 {[%emt 0:00:50] C47: Scotch Four Knights and Four Knights with 4 g3.} 10. Be3 Bg4 11. h3 Bh5 {[%emt 0:00:20][%cal Oe5e4] The position is equal.} 12. Qe1 Re8 13. Bxb6 axb6 14. Nd2 f5 {[%emt 0:03:06] [#]} 15. Kh2 $146 ({Predecessor:} 15. Qb1 Qg5 16. Nf3 Bxf3 17. Bxf3 e4 18. Bg2 e3 19. Kh2 e2 20. Re1 f4 21. Qc1 fxg3+ 22. fxg3 {0-1 (31) Melchers,D (1999)-Winiarski,M (1873) Poland 2012}) 15... Bf7 16. Qe3 Bd5 (16... Rxa2 $6 17. Rxa2 Bxa2 18. Bxc6 bxc6 19. c4 $11) 17. f3 (17. a4 $15) 17... Ra3 ({Worse is} 17... Bxa2 18. f4 $11) ({And not} 17... Rxa2 18. Rxa2 Bxa2 19. Qf2 $17) 18. c4 Bf7 19. Nb1 Ra5 20. Nc3 Nd4 21. Rf2 (21. Qc1 $17 {might work better.}) 21... g5 (21... f4 $19 22. gxf4 Qd6) 22. Qd2 $17 f4 23. g4 Bg6 24. a4 Qd6 25. Rd1 Kg7 26. Qe1 h5 27. Kg1 Raa8 {[%emt 0:03:32] Black has more active pieces.} 28. Rb1 Qc5 {[%emt 0:00:51] [#] And now ...hxg4 would win.} 29. Kh2 Qd6 30. Kg1 $1 Rad8 ({Black should try} 30... h4 $17) 31. Ra1 (31. gxh5 $15 Bxh5 32. Ne4) 31... Rf8 32. a5 (32. gxh5 $15 Bxh5 33. a5) 32... hxg4 33. hxg4 Qc5 34. Nd5 Rde8 {[%emt 0:00:07] Strongly threatening ...Nxc2.} 35. Qd2 ({Better is} 35. axb6 $1 $15 Nxc2 36. Ra5 Nxe1 37. Rxc5) 35... b5 $19 36. Qb4 Ne2+ 37. Kf1 Ng3+ 38. Kg1 {[%emt 0:00:09] [#]} Qxb4 {[%emt 0:00:34] The board is on fire.} 39. Nxb4 bxc4 40. dxc4 e4 $36 {[%emt 0:00:06][%cal Be5e4,Be4e3][%mdl 2080] White is under strong pressure.} 41. c3 $2 {[%emt 0:00:00] Now White is beyond hope.} (41. fxe4 $17 {was the only chance.} Bxe4 42. Nd3) 41... e3 42. Rb2 c6 {[%emt 0:00:00] Inhibits Nd5.} 43. a6 bxa6 ({Inferior is} 43... e2 44. axb7 e1=B 45. Rxe1 Rxe1+ 46. Kf2 $11) 44. Nxc6 Bd3 45. c5 $2 (45. Nd4 Bxc4 46. Rb4 Ne2+ 47. Nxe2 Bxe2 48. Re1) 45... Ne2+ 46. Rxe2 Bxe2 47. Nd4 Bd3 48. c6 Kf6 49. Bh3 e2 50. Kf2 Rh8 51. Bg2 Rh2 52. c7 Rh7 53. c8=Q Rxc8 54. Nxe2 Bxe2 55. Kxe2 {[%emt 0:00:01][%mdl 4096] Endgame KRR-KRB} Re7+ 56. Kf2 Ra8 57. Bf1 a5 58. Bb5 Rc7 59. c4 Ke5 60. Ra4 Kd4 {[%emt 0:00:00] Threatens to win with ...Kc5.} 61. Ra1 Kc3 (61... Kc5 $142 62. Ra3 Rca7) 62. Ra3+ Kb4 63. Ra4+ Kb3 64. Ke2 Rc5 {[%emt 0:00:00][%cal Oc5b5] ( -> ...Rxb5!)} 65. Ra1 Re5+ 66. Kf2 a4 67. Bc6 Raa5 68. Be4 Kxc4 (68... a3 $142 69. Rb1+ Kc3 70. Rc1+ Kd4 71. Rd1+ Kc5) 69. Bg6 a3 {[%emt 0:00:00] Black mates.} 70. Ra2 Kc3 71. Kf1 Re7 72. Kf2 Kb3 73. Bb1 Rc7 74. Ke2 Rc1 {[%emt 0:00:00] Weighted Error Value: White=0.61/Black=0.28 (precise)} 0-1

[Event "Chhattisgarh Masters GM 2022"]
[Site "Chhattisgarh"]
[Date "2022.09.27"]
[Round "9.6"]
[White "Shyam, Sundar M."]
[Black "Raahul V S"]
[Result "1-0"]
[ECO "D02"]
[WhiteElo "2526"]
[BlackElo "2345"]
[Annotator "TA"]
[PlyCount "57"]
[EventDate "2022.09.19"]
[EventCountry "IND"]
[SourceTitle "playchess.com"]
[Source "ChessBase"]
[SourceQuality "1"]
[TimeControl "5400+30"]

1. d4 d5 2. Nf3 Nf6 3. Bf4 c5 4. e3 Bg4 5. Nbd2 e6 6. c3 {[%emt 0:00:08] D02: 1 d4 d5 2 Nf3 sidelines, including 2...Nf6 3 g3 and 2...Nf6 3 Bf4.} Nbd7 7. Qb3 Qb6 8. Ne5 {[%emt 0:00:06] [#] Black must now prevent Bb5. White is slightly better.} Qxb3 9. axb3 {[%emt 0:00:22] Threatens to win with Bb5.} Nxe5 10. Bxe5 Nd7 11. Bb5 a6 12. dxc5 {[%emt 0:03:39][%cal Bd4c5,Bc5c6,Bc6d7][%mdl 32] Strongly threatening c6!} f6 $1 {[%emt 0:03:05] [#]} 13. c6 $146 ({Predecessor:} 13. Bd6 Bxd6 14. cxd6 O-O-O 15. Bxd7+ Rxd7 16. b4 Rxd6 17. Nb3 e5 18. f3 Bd7 19. Kf2 {1-0 (58) Gogolis,A (2268)-Siomos,N (1845) Heraklion 2011}) 13... fxe5 14. cxd7+ Kd8 15. e4 Bc5 16. b4 Bd6 17. Nb3 Bh5 18. Nc5 Ke7 $1 {[%emt 0:02:46] aiming for ...Bxc5.} 19. Ba4 Ra7 ({Black should try} 19... b6 $1 $14 20. Nb7 Bc7) 20. Bb3 Bf7 21. exd5 exd5 22. Rd1 $36 {[%emt 0:03:05][%mdl 2048] White is on the roll.} a5 23. Bxd5 {[%emt 0:00:08] White is much more active. The black rooks are badly placed.} Bxd5 24. Rxd5 axb4 {[%emt 0:00:04] And now ...Ra1+ would win.} 25. O-O (25. cxb4 b6 26. Ne4 Ra1+ 27. Rd1 Rxd1+ 28. Kxd1 Bxb4 $14) 25... bxc3 26. Ne4 cxb2 $2 27. Nxd6 $18 {[%emt 0:00:19] Hoping for Nc8+.} (27. Rxd6 Ra4 $18) 27... Ra1 28. Nc8+ Rxc8 $2 (28... Kd8 29. Rb5 Kxd7 30. Nb6+ (30. Rxb2 Rxf1+ 31. Kxf1 Kxc8 $11) (30. Rxb7+ Ke6 $11) 30... Kc7 31. Rxb2 Rxf1+ 32. Kxf1 Rd8) 29. dxc8=N+ {[%emt 0:00:04] Weighted Error Value: White=0.10 (very precise) /Black=0.30} (29. dxc8=R b1=Q 30. h4 Qxf1+ 31. Kh2 Qxf2 32. Rd3 Qxh4+ 33. Rh3 Qf4+ 34. Rg3 Ra3 35. Rc7+ Ke6 36. Rcxg7 Qh6+ 37. Rh3 Rxh3+ 38. gxh3 Qxg7 39. h4 Qg8 40. h5 Kf5 41. Kh3 Ke4 42. Kh4 Kf3 43. h6 Qg4#) ({Weaker is} 29. dxc8=Q Rxf1+ 30. Kxf1 b1=Q+ 31. Ke2 Qe4+ 32. Kf1 Qxd5 $17) 1-0

[Event "Chhattisgarh Masters GM 2022"]
[Site "Chhattisgarh"]
[Date "2022.09.27"]
[Round "9.6"]
[White "Saptarshi, Roy"]
[Black "Aaryan Varshney"]
[Result "0-1"]
[ECO "C44"]
[WhiteElo "2388"]
[BlackElo "2263"]
[Annotator "TA"]
[PlyCount "64"]
[EventDate "2022.09.19"]
[EventCountry "IND"]
[SourceTitle "playchess.com"]
[Source "ChessBase"]
[SourceQuality "1"]
[TimeControl "5400+30"]

1. e4 e5 2. Nf3 Nc6 3. c3 Nf6 4. d3 d5 5. Qc2 Be7 6. Be2 {[%emt 0:00:11] C44: Ponziani Opening and Scotch Gambit.} h6 7. O-O O-O 8. a4 (8. b4 $142) 8... a5 $11 9. Na3 {[%emt 0:00:23] [#]} Be6 $146 ({Predecessor:} 9... Bc5 10. h3 Re8 11. Re1 Be6 12. Bf1 Nh5 13. g3 {0-1 (13) Melo,S (1854)-Quintiliano Pinto,R (2371) Vitoria 2014}) 10. Nb5 Qd7 11. Re1 (11. d4 $5 ) 11... dxe4 12. dxe4 Bc5 13. Nh4 (13. Nd2 $11) 13... Rad8 {[%emt 0:10:07] Black is more active.} 14. h3 Ne7 (14... g5 $17 15. Rd1 Qc8) 15. g4 (15. Nf3 $15) 15... Nh7 (15... Ng6 $19 16. Ng2 Qc6) 16. Nf5 Ng6 17. Be3 (17. Bf1 $17 {was called for.}) 17... Bxe3 $19 18. Nxe3 (18. fxe3 {was the only defense.} Ng5 19. Red1) 18... Ng5 19. Kh2 Qe7 ({Wrong is} 19... Nf4 $2 20. h4 Ngh3 21. Kg3 $19) 20. Rg1 Nf4 21. Rg3 c6 22. Na3 Nxe2 23. Qxe2 Nxe4 {[%emt 0:00:05] [#] White must now prevent ...Rd2.} 24. Rg2 Rd2 25. Qf3 Ng5 26. Qg3 Rfd8 {[%emt 0:01:14] aiming for ...R8d3.} 27. Nac4 Bxc4 28. Nxc4 R2d3 29. Ne3 g6 30. Kh1 Qf6 {[%emt 0:00:35] ...Ne4 is the strong threat. Black is clearly winning.} 31. Rf1 (31. Qh4 $142) 31... Ne4 32. Qh2 {[%emt 0:00:00] [#]} Rxe3 $1 {[%emt 0:00:08][%mdl 512] Weighted Error Value: White=0.76/Black=0.13 (very precise)} 0-1

[Event "Chhattisgarh Masters GM 2022"]
[Site "Chhattisgarh"]
[Date "2022.09.27"]
[Round "9.7"]
[White "Aronyak Ghosh"]
[Black "Srihari L R"]
[Result "0-1"]
[ECO "E69"]
[WhiteElo "2519"]
[BlackElo "2431"]
[Annotator "TA"]
[PlyCount "114"]
[EventDate "2022.09.19"]
[EventCountry "IND"]
[SourceTitle "playchess.com"]
[Source "ChessBase"]
[SourceQuality "1"]
[TimeControl "5400+30"]

1. Nf3 Nf6 2. g3 g6 3. Bg2 Bg7 4. O-O O-O 5. c4 d6 6. d4 Nbd7 7. Nc3 e5 8. e4 c6 9. h3 Qb6 10. c5 dxc5 11. dxe5 Ne8 12. e6 fxe6 13. Ng5 Ne5 14. f4 Nf7 15. Nxf7 Bd4+ 16. Kh2 Rxf7 17. e5 Qc7 {[%emt 0:00:00] E69: King's Indian: Fianchetto: 6...Nbd7 7 0-0 e5 8 e4 c6 9 h3.} 18. Ne4 {[%emt 0:01:04][%mdl 1024] White has compensation.} b6 19. Qb3 {[%emt 0:00:12] [#]} Ba6 $146 {[%emt 0:00:00] The position is equal.} ({Predecessor:} 19... a5 20. Be3 a4 21. Qa3 Rd7 22. Rfd1 Bb7 23. h4 Rad8 24. Bh3 Re7 25. Bxd4 cxd4 26. Qxa4 {1-0 (61) Stachowiak,K (2431)-Kuchar,M (2063) Czech Republic 2018}) 20. Re1 c4 21. Qa4 Bb5 22. Qc2 Rd8 23. a4 Ba6 24. Ra3 c5 25. h4 Ng7 ({Black should play} 25... Qd7 $14) 26. Ng5 $1 $16 Re7 (26... Bb7 $16) 27. g4 (27. h5 $1 $18 ) 27... Bb7 28. Ne4 (28. Re2 $16) 28... Rf8 29. Nf6+ Rxf6 30. exf6 Bxf6 31. Bxb7 Qxb7 32. Qxc4 Bxh4 33. Re4 Bf6 34. Rae3 Bd4 35. Re2 Rf7 36. b3 Qe7 ({Better is} 36... h5 $15 37. g5 Kh7) 37. Kh3 (37. Kg3 $11 {remains equal.}) 37... h5 $17 38. Rg2 (38. g5 $17) 38... Qb7 39. Qe2 (39. Rge2 $142) 39... Qd5 (39... hxg4+ $19 {is more deadly.} 40. Rxg4 Nf5 41. Rxg6+ Kf8) 40. gxh5 Rf5 $1 {[%emt 0:00:24] Black is more active.} ({Don't take} 40... gxh5 41. Rxe6 Kf8 42. Rh6 Qxb3+ 43. Kh2 $16 (43. Rg3 Qxg3+ 44. Kxg3 Nf5+ 45. Kh3 Nxh6 $14)) (40... Qxb3+ $6 41. Kh2 $11) (40... Nxh5 41. Rxe6 Qxb3+ 42. Kh2 Nxf4 43. Re8+ Kh7 44. Bxf4 Rxf4 45. Qe7+ Qf7 46. Qxf7+ Rxf7 47. Re6 $11) 41. Rxg6 (41. Rg5 $17) 41... Rxh5+ $19 42. Kg2 Qf5 $1 43. Rg3 {[%emt 0:00:00] [#] Against Qh3+. Rxe6 is the strong threat.} Qh7 $1 {[%emt 0:00:00] Really sharp!} 44. Rxd4 ({Not} 44. Kf3 $2 Rh2 45. Rxd4 Qh5+ 46. Rg4 Rxe2 47. Rd8+ Kf7 48. Rd7+ Kf6 49. Kxe2 Qxg4+ $19) 44... Rh2+ {[%emt 0:00:00][%mdl 64] Zwischenzug} 45. Kf1 {[%emt 0:00:00] [#]} Rh1+ $1 $40 {[%emt 0:00:00][%mdl 192] Skewer. White is in trouble.} ({And not} 45... Rxe2 46. Rd8+ Kf7 47. Rxg7+ Qxg7 48. Rd7+ Kf6 49. Rxg7 $11) 46. Rg1 Rxg1+ 47. Kxg1 cxd4 {[%emt 0:00:00][%mdl 4096] Endgame KQB-KQN} 48. Bb2 Qg6+ 49. Qg2 $2 {[%emt 0:00:00] White does not recover from this.} (49. Kf2 $17) 49... Qb1+ 50. Kh2 Qd3 51. Ba3 Qxb3 52. Qa8+ $2 (52. Bd6 {was forced.} d3 53. Qg5 Qa2+ 54. Kg1 Qb1+ 55. Kh2 Qc2+ 56. Kg3 Qxa4 57. Be5) 52... Kh7 53. Qe4+ Nf5 {[%emt 0:00:00] ( -> ...Qg3+)} 54. Qb7+ Kh6 55. Qf7 {[%emt 0:00:00] Black must now prevent Bf8+.} Qg3+ {[%emt 0:00:00] Black mates.} 56. Kh1 Qf3+ 57. Kg1 Qg4+ {[%emt 0:00:00] Weighted Error Value: White=0.56/Black=0.28 (precise)} 0-1

[Event "Chhattisgarh Masters GM 2022"]
[Site "Chhattisgarh"]
[Date "2022.09.27"]
[Round "9.7"]
[White "Nguyen, Duc Hoa"]
[Black "Chakravarthi Reddy, M."]
[Result "1-0"]
[ECO "C02"]
[WhiteElo "2365"]
[BlackElo "2306"]
[Annotator "TA"]
[PlyCount "45"]
[EventDate "2022.09.19"]
[EventCountry "IND"]
[SourceTitle "playchess.com"]
[Source "ChessBase"]
[SourceQuality "1"]
[TimeControl "5400+30"]

1. e4 e6 2. d4 d5 3. e5 c5 4. c3 Nc6 5. Nf3 Bd7 6. a3 c4 7. g3 Nge7 8. h4 {[%emt 0:00:57] C02: French: Advance Variation.} f6 {[%emt 0:02:50] [#]} 9. Qe2 $146 ({Predecessor:} 9. Bh3 fxe5 10. dxe5 Ng6 11. O-O Ngxe5 12. Nxe5 Nxe5 13. Qh5+ Nf7 14. Re1 Qe7 15. Bg5 Qd6 {1-0 (54) Pap,M (2381)-Romero Calduch,S (2233) Vecindario 2022}) 9... Qb6 10. Nbd2 {[%emt 0:02:02] The position is equal.} fxe5 11. Nxe5 Nxe5 12. Qxe5 Nf5 {[%emt 0:00:36] [#] Hoping for ...Bd6.} 13. Nf3 Bd6 14. Qe2 Nxg3 15. fxg3 $14 Bxg3+ 16. Kd2 e5 $1 17. Qg2 (17. dxe5 $2 O-O 18. e6 Bxe6 $19) (17. Nxe5 $16 Bf4+ 18. Kc2 Bf5+ 19. Nd3+ (19. Kd1 $2 Qb3+ 20. Ke1 Bg3+ 21. Kd2 Qc2+ 22. Ke3 Qe4+ 23. Kd2 Qc2+ 24. Ke3 Qe4+ 25. Kd2 Qxh1 $19) 19... Be4 20. Qxe4+ dxe4 21. Nxf4) 17... Bf4+ $11 18. Ke1 O-O $1 {[%emt 0:00:31] [#] Threatens to win with ...Bxc1.} 19. Rg1 $1 ({Wrong is} 19. dxe5 $2 Bxc1 20. Rxc1 Qe3+ 21. Qe2 Qxc1+ $19) (19. Nxe5 Bxe5 20. dxe5 (20. Qxd5+ $2 Kh8 $19) 20... Rae8 $19) 19... g6 20. Nxe5 Bxe5 21. dxe5 (21. Qxd5+ $11 {and White is okay.} Kh8 22. Qxe5+ Rf6 23. Be2 (23. Bxc4 $2 Re8 $19)) 21... Bc6 $4 (21... Rae8 $19 22. Be2 (22. Qxd5+ $2 Rf7 $19) 22... Rxe5) 22. Qh2 $18 Rae8 {[%emt 0:02:18][%cal Oe8e5] White must now prevent ...Rxe5+!} 23. Rg5 {[%emt 0:00:38] Weighted Error Value: White=0.37/Black=0.34} 1-0